Eagles vs Sound Tigers
Created - April 12, 2022 at 19:24
Goals
|
| Eagles |
0 |
3 |
4 |
7 |
| Sound Tigers |
1 |
1 |
0 |
2 |
|
Shots
|
| Eagles |
5 |
12 |
10 |
27 |
| Sound Tigers |
13 |
20 |
4 |
37 |
|
1st period
1. Sound Tigers , Connor Murphy 10 (Garret Ross 16, James Livingstone 16) at 15:28
Penalties :
Drake Caggiula (Col) for Slashing (Minor) at 0:22
2nd period
2. Eagles , Jared McCann 8 (Tyler Motte 3, Anthony Duclair 11) at 1:59
3. Sound Tigers , Borna Rendulic 24 (Ryan Hartman 33, Alex Tuch 27) at 6:41
4. Eagles , Jarred Tinordi 4 (Drake Caggiula 29, Nick Cousins 18) at 11:25 (PP)
5. Eagles , Zach Aston-Reese 10 (Matteson Iacopelli 19, Joseph Blandisi 16) at 14:18
Penalties :
Borna Rendulic (BRI) for Holding Stick (Minor) at 11:19, Borna Rendulic (BRI) for Interference (Minor) at 15:08, Dylan McIlrath (BRI) for Roughing (Minor) at 15:13
3rd period
6. Eagles , Tyler Motte 2 (Nick Cousins 19, Tomas Tatar 23) at 7:13
7. Eagles , Drake Caggiula 17 (Ryan Murphy 9, Nick Cousins 20) at 13:14 (PP)
8. Eagles , Joseph Blandisi 21 (Matteson Iacopelli 20) at 18:33 (PP)
9. Eagles , Ryan Murphy 1 (Drake Caggiula 30, Nick Cousins 21) at 19:45 (PP)
Penalties :
Matteson Iacopelli (Col) for Hooking (Minor) at 4:14, Dylan McIlrath (BRI) for Roughing (Minor) at 12:36, Borna Rendulic (BRI) for Roughing (Minor) at 13:56, Dylan McIlrath (BRI) for Roughing (Minor) at 18:01, Garret Ross (BRI) for Roughing (Double Minor) at 19:35
Goalie Stats
Marek Mazanek (Col), 35 saves from 37 shots - (0.946), W, 27-10-4, 60:00 minutes
Sean Maguire (BRI), 6 saves from 9 shots - (0.667), 12:47 minutes
Pavel Francouz (BRI), 14 saves from 18 shots - (0.778), L, 25-20-2, 47:13 minutes
Players Stats for Eagles
Player Name G A P +/- PIM S H SB GA TA FO MP PP MP PK MP
------------------------------------------------------------------------------------
Anthony Duclair 0 1 1 1 0 0 0 0 0 0 0/0 16:13 0:12 1:47
Connor Carrick 0 0 0 -1 0 2 0 0 1 0 0/0 19:24 1:30 1:40
Drake Caggiula 1 2 3 -1 2 2 1 1 0 0 13/27 21:31 3:32 0:48
Jared McCann 1 0 1 1 0 2 1 2 0 2 1/5 13:19 0:00 0:00
Jarred Tinordi 1 0 1 0 0 2 2 1 0 0 0/0 28:41 4:13 2:28
John Ramage 0 0 0 -1 0 0 1 2 0 1 0/0 19:11 1:30 1:30
Jonathan Racine 0 0 0 2 0 0 2 0 0 2 0/0 12:08 0:00 0:00
Joseph Blandisi 1 1 2 0 0 2 1 0 1 0 1/1 19:57 1:53 1:19
Matteson Iacopelli 0 2 2 0 2 3 1 1 0 0 1/1 19:49 1:53 0:00
Max Lajoie 0 0 0 0 0 0 0 0 0 0 0/0 4:32 0:00 0:00
Nick Cousins 0 4 4 0 0 4 1 0 1 1 0/2 24:00 3:32 1:49
Pius Suter 0 0 0 0 0 0 0 0 0 0 0/0 0:34 0:18 0:00
Ryan Murphy 1 1 2 0 0 2 1 1 2 0 0/0 24:09 4:13 2:28
Sam Steel 0 0 0 0 0 0 0 0 0 0 0/0 1:46 0:21 0:00
Tomas Tatar 0 1 1 0 0 4 3 2 1 1 2/5 24:25 3:35 2:03
Tyler Motte 1 1 2 2 0 1 2 0 0 0 2/4 15:11 0:00 0:00
Xavier Ouellet 0 0 0 2 0 0 0 0 0 0 0/0 12:08 0:00 0:00
Zach Aston-Reese 1 0 1 0 0 3 1 0 0 0 4/12 19:02 1:53 0:00
Players Stats for Sound Tigers
Player Name G A P +/- PIM S H SB GA TA FO MP PP MP PK MP
------------------------------------------------------------------------------------
Alex Tuch 0 1 1 1 0 2 0 0 0 2 1/1 22:05 2:09 3:19
Alexander Yelesin 0 0 0 -2 0 0 0 0 0 1 0/0 16:01 0:00 2:14
Ben Thomson 0 0 0 -2 0 1 3 0 1 0 0/0 9:20 0:00 1:04
Borna Rendulic 1 0 1 1 6 4 2 0 1 0 0/0 18:39 1:57 0:05
Christian Fischer 0 0 0 0 0 1 3 2 0 0 1/1 15:21 1:46 0:00
Connor Murphy 1 0 1 2 0 5 3 1 1 1 0/0 26:26 2:32 4:05
Dylan McIlrath 0 0 0 2 6 2 1 2 0 0 0/0 23:52 2:12 1:50
Gabriel Carlsson 0 0 0 -2 0 1 0 1 0 1 0/0 14:07 0:20 0:00
Garret Ross 0 1 1 0 4 4 1 0 0 0 0/0 12:14 0:00 0:27
James Livingstone 0 1 1 0 0 3 0 0 1 0 0/0 12:03 0:15 0:00
James Sheppard 0 0 0 0 0 3 4 0 0 1 1/1 15:45 1:46 0:24
Joe Labate 0 0 0 0 0 3 3 0 0 0 6/9 15:54 1:46 0:30
Julian Melchiori 0 0 0 -1 0 1 0 1 1 0 0/0 19:47 1:26 1:38
Pavel Kraskovsky 0 0 0 -2 0 1 0 0 0 0 0/1 8:16 0:00 0:00
Rhett Gardner 0 0 0 0 0 0 0 0 0 0 0/0 0:15 0:15 0:00
Ross Colton 0 0 0 0 0 0 0 0 0 0 0/0 0:00 0:00 0:00
Ryan Bourque 0 0 0 0 0 2 1 0 1 0 6/7 11:48 0:00 0:00
Ryan Hartman 0 1 1 1 0 4 3 0 0 0 18/37 22:17 1:57 3:43
Scott Glennie 0 0 0 -2 0 0 1 1 0 0 0/0 8:19 0:03 0:00
Slater Koekkoek 0 0 0 -1 0 0 2 0 1 0 0/0 19:47 1:26 1:38
3 Stars
1 - Tyler Motte (Col)
2 - Nick Cousins (Col)
3 - Marek Mazanek (Col)
Power Play
Eagles - 4 on 8 Attempt(s) - 50.00%
Sound Tigers - 0 on 2 Attempt(s) - 0.00%
Penalty Kill
Eagles - 2 on 2 Attempt(s) - 100.00%
- Score 0 goal in Penalty Kill
Sound Tigers - 4 on 8 Attempt(s) - 50.00%
- Score 0 goal in Penalty Kill
Team Stat
Eagles - Hits : 17 - Faceoff Wins : 24 - Blocked Shots : 10 - Penalty Minutes : 4
Sound Tigers - Hits : 27 - Faceoff Wins : 33 - Blocked Shots : 8 - Penalty Minutes : 16
Official
Referees : Trevor Hanson and Chris Rooney
Linesman : Steve Miller and Tyson Baker
Game Notes
Sean Maguire enters game at 7:13 of 3rd period
Finance
Level 1 -- Attendance: 1775 (88.75%) -- Ticket Income $62,125
Level 2 -- Attendance: 1000 (100.00%) -- Ticket Income $15,000
Total Attendance: 2775 (92.50%)
Total Ticket Income: $77,125
Other Income: $3,856
Total Income: $80,981
Eagles
5 vs 5 Forward
Center Left Wing Right Wing Time % Phy DF OF
1 Drake Caggiula Tomas Tatar Nick Cousins 40 1 2 2
2 Zach Aston-Reese Joseph Blandisi Matteson Iacopelli 30 1 2 2
3 Jared McCann Anthony Duclair Tyler Motte 20 1 2 2
4 Tyler Motte Tomas Tatar Nick Cousins 10 1 2 2
5 vs 5 Defense
Defense Defense Time % Phy DF OF
1 Jarred Tinordi Ryan Murphy 40 1 2 2
2 John Ramage Connor Carrick 30 1 2 2
3 Xavier Ouellet Jonathan Racine 20 1 2 2
4 Max Lajoie Jarred Tinordi 10 1 2 2
PowerPlay Forward
Center Left Wing Right Wing Time % Phy DF OF
1 Drake Caggiula Tomas Tatar Nick Cousins 60 1 2 2
2 Zach Aston-Reese Joseph Blandisi Matteson Iacopelli 40 1 2 2
PowerPlay Defense
Defense Defense Time % Phy DF OF
1 Jarred Tinordi Ryan Murphy 60 1 2 2
2 John Ramage Connor Carrick 40 1 2 2
Penalty Kill 4 Players Forward
Center Wing Time % Phy DF OF
1 Tomas Tatar Nick Cousins 60 1 2 2
2 Joseph Blandisi Drake Caggiula 40 1 2 2
Penalty Kill 4 Players Defense
Defense Defense Time % Phy DF OF
1 Jarred Tinordi Ryan Murphy 60 1 2 2
2 John Ramage Connor Carrick 40 1 2 2
Penalty Kill - 3 Players Forward
Forward Time % Phy DF OF
1 Tomas Tatar 60 1 2 2
2 Nick Cousins 40 1 2 2
Penalty Kill - 3 Players Defense
Defense Defense Time % Phy DF OF
1 Jarred Tinordi Ryan Murphy 60 1 2 2
2 John Ramage Connor Carrick 40 1 2 2
4 vs 4 Forward
Center Wing Time % Phy DF OF
1 Tomas Tatar Nick Cousins 60 1 2 2
2 Joseph Blandisi Drake Caggiula 40 1 2 2
4 vs 4 Defense
Defense Defense Time % Phy DF OF
1 Jarred Tinordi Ryan Murphy 60 1 2 2
2 John Ramage Connor Carrick 40 1 2 2
Last Minutes Offensive
Center Left Wing Right Wing Defense Defense
Drake Caggiula Tomas Tatar Nick Cousins Jarred Tinordi Ryan Murphy
Last Minutes Defensive
Center Left Wing Right Wing Defense Defense
Drake Caggiula Tomas Tatar Nick Cousins Jarred Tinordi Ryan Murphy
Goaltenders
Starting : Marek Mazanek
Backup : Adin Hill
Extra Forwards
Normal : Sam Steel, Pius Suter, Anthony Duclair - PP : Sam Steel, Pius Suter - PK : Anthony Duclair
Extra Defensemen
Normal : Xavier Ouellet, Jonathan Racine, Max Lajoie - PP : Xavier Ouellet - PK : Jonathan Racine, Max Lajoie
Penalty Shots
Tomas Tatar, Nick Cousins, Joseph Blandisi, Drake Caggiula, Anthony Duclair
Scratches
Chris Calhan (Healthy), Daniel Carr (Healthy), Dominik Kubalik (Healthy), Mark Friedman (Healthy), Michael Dal Colle (Healthy)
Stefan Elliott (Healthy), Keaton Middleton (Healthy), Pascal Laberge (Healthy), Antoine Bibeau (Healthy)
Sound Tigers
5 vs 5 Forward
Center Left Wing Right Wing Time % Phy DF OF
1 Ryan Hartman Alex Tuch Borna Rendulic 40 1 2 2
2 Joe Labate James Sheppard Christian Fischer 30 1 2 2
3 Ryan Bourque Garret Ross James Livingstone 20 1 2 2
4 Pavel Kraskovsky Ben Thomson Scott Glennie 10 1 2 2
5 vs 5 Defense
Defense Defense Time % Phy DF OF
1 Connor Murphy Dylan McIlrath 40 1 2 2
2 Julian Melchiori Slater Koekkoek 30 1 2 2
3 Gabriel Carlsson Alexander Yelesin 20 1 2 2
4 Connor Murphy Dylan McIlrath 10 1 2 2
PowerPlay Forward
Center Left Wing Right Wing Time % Phy DF OF
1 Ryan Hartman Alex Tuch Borna Rendulic 60 1 2 2
2 Joe Labate James Sheppard Christian Fischer 40 1 2 2
PowerPlay Defense
Defense Defense Time % Phy DF OF
1 Connor Murphy Dylan McIlrath 60 1 2 2
2 Julian Melchiori Slater Koekkoek 40 1 2 2
Penalty Kill 4 Players Forward
Center Wing Time % Phy DF OF
1 Ryan Hartman Alex Tuch 60 1 2 2
2 James Sheppard Garret Ross 40 1 2 2
Penalty Kill 4 Players Defense
Defense Defense Time % Phy DF OF
1 Connor Murphy Dylan McIlrath 60 1 2 2
2 Julian Melchiori Slater Koekkoek 40 1 2 2
Penalty Kill - 3 Players Forward
Forward Time % Phy DF OF
1 Ryan Hartman 60 1 2 2
2 Alex Tuch 40 1 2 2
Penalty Kill - 3 Players Defense
Defense Defense Time % Phy DF OF
1 Connor Murphy Dylan McIlrath 60 1 2 2
2 Julian Melchiori Slater Koekkoek 40 1 2 2
4 vs 4 Forward
Center Wing Time % Phy DF OF
1 Ryan Hartman Alex Tuch 60 1 2 2
2 James Sheppard Garret Ross 40 1 2 2
4 vs 4 Defense
Defense Defense Time % Phy DF OF
1 Connor Murphy Dylan McIlrath 60 1 2 2
2 Julian Melchiori Slater Koekkoek 40 1 2 2
Last Minutes Offensive
Center Left Wing Right Wing Defense Defense
Ryan Hartman Alex Tuch Borna Rendulic Connor Murphy Dylan McIlrath
Last Minutes Defensive
Center Left Wing Right Wing Defense Defense
Ryan Hartman Alex Tuch Borna Rendulic Connor Murphy Dylan McIlrath
Goaltenders
Starting : Pavel Francouz
Backup : Sean Maguire
Extra Forwards
Normal : Rhett Gardner, James Livingstone, Ben Thomson - PP : Rhett Gardner, James Livingstone - PK : Ben Thomson
Extra Defensemen
Normal : Gabriel Carlsson, Alexander Yelesin, Julian Melchiori - PP : Gabriel Carlsson - PK : Alexander Yelesin, Julian Melchiori
Penalty Shots
Ryan Hartman, Alex Tuch, James Sheppard, Garret Ross, Borna Rendulic
Scratches
Ben Johnson (Healthy), Blake Speers (Healthy), Brad Ross (Healthy), David Broll (Healthy), Josh Archibald (Healthy)
Tyrell Goulbourne (Healthy), Garret Pilon (Healthy), Brandon Gignac (Healthy), Casey Staum (Healthy), Chris Driedger (Healthy)
% Time on Ice - Eagles
Lines # - Real PCT - Wanted PCT - Time Play
Normal Forward
1 - 35% - 40% - 17:36
2 - 34% - 30% - 17:09
3 - 26% - 20% - 13:19
4 - 4% - 10% - 2:15
Normal Defense
1 - 35% - 40% - 17:28
2 - 32% - 30% - 16:11
3 - 24% - 20% - 12:08
4 - 9% - 10% - 4:32
PP Forward
1 - 67% - 60% - 3:50
2 - 33% - 40% - 1:53
PP Defense
1 - 74% - 60% - 4:13
2 - 26% - 40% - 1:30
PK Forward
1 - 72% - 60% - 2:51
2 - 28% - 40% - 1:07
PK Defense
1 - 62% - 60% - 2:28
2 - 38% - 40% - 1:30
PK3 Forward
1 - 0% - 60%
2 - 0% - 40%
PK3 Defense
1 - 0% - 60%
2 - 0% - 40%
44 Forward
1 - 0% - 60%
2 - 0% - 40%
44 Defense
1 - 0% - 60%
2 - 0% - 40%
Last Minute Offensive - 0:00
Last Minute Defensive - 0:00
Total
Forward - 60:00
Defense - 60:00
|
% Time on Ice - Sound Tigers
Lines # - Real PCT - Wanted PCT - Time Play
Normal Forward
1 - 33% - 40% - 16:40
2 - 27% - 30% - 13:35
3 - 23% - 20% - 11:48
4 - 16% - 10% - 8:16
Normal Defense
1 - 35% - 40% - 17:41
2 - 33% - 30% - 16:43
3 - 27% - 20% - 13:47
4 - 4% - 10% - 2:08
PP Forward
1 - 55% - 60% - 2:12
2 - 45% - 40% - 1:46
PP Defense
1 - 64% - 60% - 2:32
2 - 36% - 40% - 1:26
PK Forward
1 - 90% - 60% - 3:25
2 - 10% - 40% - 0:24
PK Defense
1 - 79% - 60% - 3:01
2 - 21% - 40% - 0:48
PK3 Forward
1 - 74% - 60% - 1:24
2 - 26% - 40% - 0:30
PK3 Defense
1 - 56% - 60% - 1:04
2 - 44% - 40% - 0:50
44 Forward
1 - 0% - 60%
2 - 0% - 40%
44 Defense
1 - 0% - 60%
2 - 0% - 40%
Last Minute Offensive - 0:00
Last Minute Defensive - 0:00
Total
Forward - 60:00
Defense - 60:00
|
Play-by-Play
1st period
0:01 of 1st period - Drake Caggiula wins face-off versus Ryan Hartman in neutral zone.
0:04 of 1st period - Snap shot by Nick Cousins.
0:04 of 1st period - Shot Misses the Net.
0:12 of 1st period - Wrist shot by Ryan Hartman.
0:12 of 1st period - Shot Hit the Post.
0:14 of 1st period - Wrist shot by Connor Murphy.
0:14 of 1st period - Stopped by Marek Mazanek with a rebound.
0:22 of 1st period - Minor Penalty to Drake Caggiula for Slashing.
0:23 of 1st period - Tomas Tatar wins face-off versus Ryan Hartman in Eagles zone.
2:22 of 1st period - Penalty to Drake Caggiula is over, Drake Caggiula is back on ice.
2:50 of 1st period - Gabriel Carlsson is hit by Jonathan Racine and loses puck.
3:15 of 1st period - Icing by Zach Aston-Reese.
3:16 of 1st period - Zach Aston-Reese wins face-off versus Pavel Kraskovsky in Eagles zone.
3:49 of 1st period - Snap shot by Ryan Hartman.
3:49 of 1st period - Stopped by Marek Mazanek without a rebound.
3:50 of 1st period - Joe Labate wins face-off versus Zach Aston-Reese in Eagles zone.
3:51 of 1st period - Snap shot by James Sheppard.
3:51 of 1st period - Shot Misses the Net.
3:53 of 1st period - Slapshot by James Sheppard.
3:53 of 1st period - Deflect By Joe Labate.
3:53 of 1st period - Deflect By Ryan Murphy.
3:53 of 1st period - Stopped by Marek Mazanek without a rebound.
3:54 of 1st period - Christian Fischer wins face-off versus Zach Aston-Reese in Eagles zone.
5:17 of 1st period - Wrist shot by Tomas Tatar.
5:17 of 1st period - Stopped by Pavel Francouz with a rebound.
6:15 of 1st period - Jarred Tinordi is hit by Ryan Bourque and loses puck.
6:37 of 1st period - Wrist shot by Joe Labate.
6:37 of 1st period - Shot Misses the Net.
6:39 of 1st period - Snap shot by James Sheppard.
6:39 of 1st period - Shot Misses the Net.
7:51 of 1st period - Wrist shot by Garret Ross.
7:51 of 1st period - Stopped by Marek Mazanek with a rebound.
8:33 of 1st period - Jared McCann is hit by Joe Labate and loses puck.
8:42 of 1st period - Wrist shot by Joe Labate.
8:42 of 1st period - Stopped by Marek Mazanek without a rebound.
8:43 of 1st period - Joseph Blandisi wins face-off versus Ryan Hartman in Eagles zone.
10:01 of 1st period - Wrist shot by Ryan Hartman.
10:01 of 1st period - Shot Misses the Net.
10:16 of 1st period - Matteson Iacopelli is hit by James Sheppard.
10:40 of 1st period - Wrist shot by Pavel Kraskovsky.
10:40 of 1st period - Stopped by Marek Mazanek with a rebound.
10:49 of 1st period - Icing by Nick Cousins.
10:50 of 1st period - Ryan Bourque wins face-off versus Jared McCann in Eagles zone.
10:59 of 1st period - Wrist shot by Garret Ross.
10:59 of 1st period - Shot Blocked by Jared McCann.
11:30 of 1st period - Wrist shot by Zach Aston-Reese.
11:30 of 1st period - Shot Misses the Net.
12:02 of 1st period - Jared McCann is hit by Ben Thomson and loses puck.
13:26 of 1st period - Off-side.
13:27 of 1st period - James Sheppard wins face-off versus Drake Caggiula in neutral zone.
14:03 of 1st period - Snap shot by Ben Thomson.
14:03 of 1st period - Stopped by Marek Mazanek with a rebound.
14:50 of 1st period - Icing by Julian Melchiori.
14:51 of 1st period - Joe Labate wins face-off versus Nick Cousins in Sound Tigers zone.
15:28 of 1st period - Slapshot by Connor Murphy.
15:28 of 1st period - Goal by Connor Murphy - Eagles : 0 - Sound Tigers : 1.
15:29 of 1st period - Ryan Hartman wins face-off versus Drake Caggiula in neutral zone.
15:34 of 1st period - Snap shot by Ryan Hartman.
15:34 of 1st period - Stopped by Marek Mazanek with a rebound.
15:44 of 1st period - Ryan Hartman is hit by Nick Cousins and loses puck.
16:00 of 1st period - Snap shot by Matteson Iacopelli.
16:00 of 1st period - Stopped by Pavel Francouz with a rebound.
16:23 of 1st period - Slapshot by Connor Murphy.
16:23 of 1st period - Deflect By Connor Carrick.
16:23 of 1st period - Stopped by Marek Mazanek with a rebound.
16:34 of 1st period - John Ramage is hit by Dylan McIlrath and loses puck.
17:07 of 1st period - Dylan McIlrath is hit by Jarred Tinordi and loses puck.
17:18 of 1st period - Snap shot by Anthony Duclair.
17:18 of 1st period - Shot Blocked by Christian Fischer.
17:34 of 1st period - Matteson Iacopelli is hit by Ben Thomson and loses puck.
18:00 of 1st period - Wrist shot by James Livingstone.
18:00 of 1st period - Stopped by Marek Mazanek without a rebound.
18:01 of 1st period - Ryan Bourque wins face-off versus Tyler Motte in Eagles zone.
18:02 of 1st period - Snap shot by Garret Ross.
18:02 of 1st period - Deflect By Jared McCann.
18:02 of 1st period - Stopped by Marek Mazanek without a rebound.
18:03 of 1st period - Ryan Bourque wins face-off versus Jared McCann in Eagles zone.
18:08 of 1st period - Snap shot by Ryan Bourque.
18:08 of 1st period - Shot Misses the Net.
18:10 of 1st period - Slapshot by Julian Melchiori.
18:10 of 1st period - Stopped by Marek Mazanek without a rebound.
18:11 of 1st period - Ryan Hartman wins face-off versus Drake Caggiula in Eagles zone.
18:22 of 1st period - Wrist shot by Tomas Tatar.
18:22 of 1st period - Stopped by Pavel Francouz with a rebound.
18:24 of 1st period - Snap shot by Tomas Tatar.
18:24 of 1st period - Stopped by Pavel Francouz with a rebound.
18:26 of 1st period - Slapshot by Jarred Tinordi.
18:26 of 1st period - Stopped by Pavel Francouz without a rebound.
18:27 of 1st period - Zach Aston-Reese wins face-off versus Joe Labate in Sound Tigers zone.
19:19 of 1st period - Anthony Duclair is hit by Garret Ross and loses puck.
Goals for this period are 0 for Eagles vs 1 for Sound Tigers.
Shots for this period are 5 for Eagles vs 13 for Sound Tigers.
2nd period
0:01 of 2nd period - Ryan Hartman wins face-off versus Drake Caggiula in neutral zone.
0:14 of 2nd period - Snap shot by Borna Rendulic.
0:14 of 2nd period - Deflect By Alex Tuch.
0:14 of 2nd period - Shot Blocked by Tomas Tatar.
0:14 of 2nd period - Puck is out of play.
0:15 of 2nd period - Joe Labate wins face-off versus Drake Caggiula in Eagles zone.
0:18 of 2nd period - Slapshot by James Sheppard.
0:18 of 2nd period - Stopped by Marek Mazanek without a rebound.
0:19 of 2nd period - Drake Caggiula wins face-off versus Joe Labate in Eagles zone.
0:19 of 2nd period - Drake Caggiula is hit by Joe Labate.
0:25 of 2nd period - Slapshot by Jarred Tinordi.
0:25 of 2nd period - Shot Blocked by Dylan McIlrath.
0:27 of 2nd period - Snap shot by Ryan Murphy.
0:27 of 2nd period - Deflect By Drake Caggiula.
0:27 of 2nd period - Shot Misses the Net.
0:27 of 2nd period - Puck is out of play.
0:28 of 2nd period - Ryan Hartman wins face-off versus Drake Caggiula in Sound Tigers zone.
0:33 of 2nd period - Slapshot by Connor Murphy.
0:33 of 2nd period - Stopped by Marek Mazanek with a rebound.
1:00 of 2nd period - Connor Carrick is hit by Christian Fischer.
1:16 of 2nd period - Backhand shot by Connor Murphy.
1:16 of 2nd period - Stopped by Marek Mazanek without a rebound.
1:17 of 2nd period - Jared McCann wins face-off versus Ryan Bourque in Eagles zone.
1:17 of 2nd period - Jared McCann is hit by Slater Koekkoek.
1:23 of 2nd period - Garret Ross is hit by Tyler Motte and loses puck.
1:42 of 2nd period - Ryan Bourque is hit by Tyler Motte and loses puck.
1:53 of 2nd period - Backhand shot by Jared McCann.
1:53 of 2nd period - Stopped by Pavel Francouz with a rebound.
1:55 of 2nd period - Slapshot by Anthony Duclair.
1:55 of 2nd period - Shot Misses the Net.
1:57 of 2nd period - Snap shot by Tyler Motte.
1:57 of 2nd period - Shot Misses the Net.
1:59 of 2nd period - Wrist shot by Jared McCann.
1:59 of 2nd period - Goal by Jared McCann - Eagles : 1 - Sound Tigers : 1.
2:00 of 2nd period - Drake Caggiula wins face-off versus Ryan Hartman in neutral zone.
2:27 of 2nd period - Matteson Iacopelli is hit by Christian Fischer.
2:57 of 2nd period - Wrist shot by Garret Ross.
2:57 of 2nd period - Shot Misses the Net.
3:07 of 2nd period - Nick Cousins is hit by Ben Thomson and loses puck.
3:22 of 2nd period - Ryan Hartman is hit by Jonathan Racine and loses puck.
3:51 of 2nd period - Wrist shot by James Sheppard.
3:51 of 2nd period - Shot Misses the Net.
4:34 of 2nd period - Snap shot by James Sheppard.
4:34 of 2nd period - Stopped by Marek Mazanek with a rebound.
4:36 of 2nd period - Wrist shot by Joe Labate.
4:36 of 2nd period - Stopped by Marek Mazanek without a rebound.
4:37 of 2nd period - Zach Aston-Reese wins face-off versus Ryan Hartman in Eagles zone.
4:37 of 2nd period - Zach Aston-Reese is hit by Borna Rendulic.
4:43 of 2nd period - Wrist shot by Zach Aston-Reese.
4:43 of 2nd period - Stopped by Pavel Francouz without a rebound.
4:44 of 2nd period - Ryan Hartman wins face-off versus Drake Caggiula in Sound Tigers zone.
5:37 of 2nd period - Snap shot by Joe Labate.
5:37 of 2nd period - Deflect By Christian Fischer.
5:37 of 2nd period - Stopped by Marek Mazanek without a rebound.
5:38 of 2nd period - Ryan Hartman wins face-off versus Drake Caggiula in Eagles zone.
5:41 of 2nd period - Slapshot by Ryan Hartman.
5:41 of 2nd period - Stopped by Marek Mazanek with a rebound.
5:43 of 2nd period - Snap shot by Alex Tuch.
5:43 of 2nd period - Stopped by Marek Mazanek with a rebound.
5:45 of 2nd period - Snap shot by Borna Rendulic.
5:45 of 2nd period - Shot Misses the Net.
5:47 of 2nd period - Slapshot by Dylan McIlrath.
5:47 of 2nd period - Stopped by Marek Mazanek without a rebound.
5:48 of 2nd period - Drake Caggiula wins face-off versus Ryan Hartman in Eagles zone.
6:09 of 2nd period - Slapshot by Nick Cousins.
6:09 of 2nd period - Stopped by Pavel Francouz with a rebound.
6:25 of 2nd period - Snap shot by Ryan Hartman.
6:25 of 2nd period - Shot Misses the Net.
6:27 of 2nd period - Slapshot by Dylan McIlrath.
6:27 of 2nd period - Shot Blocked by John Ramage.
6:29 of 2nd period - Wrist shot by Borna Rendulic.
6:29 of 2nd period - Stopped by Marek Mazanek with a rebound.
6:31 of 2nd period - Wrist shot by Borna Rendulic.
6:31 of 2nd period - Shot Misses the Net.
6:33 of 2nd period - Slapshot by Dylan McIlrath.
6:33 of 2nd period - Deflect By Tomas Tatar.
6:33 of 2nd period - Stopped by Marek Mazanek with a rebound.
6:35 of 2nd period - Wrist shot by Alex Tuch.
6:35 of 2nd period - Shot Misses the Net.
6:41 of 2nd period - Slapshot by Ryan Hartman.
6:41 of 2nd period - Deflect By Borna Rendulic.
6:41 of 2nd period - Goal by Borna Rendulic - Eagles : 1 - Sound Tigers : 2.
6:42 of 2nd period - Joe Labate wins face-off versus Zach Aston-Reese in neutral zone.
6:44 of 2nd period - Off-side.
6:45 of 2nd period - Joe Labate wins face-off versus Zach Aston-Reese in neutral zone.
6:45 of 2nd period - Christian Fischer is hit by Jarred Tinordi and loses puck.
7:09 of 2nd period - Off-side.
7:10 of 2nd period - Tyler Motte wins face-off versus Ryan Hartman in neutral zone.
7:37 of 2nd period - Dylan McIlrath is hit by Joseph Blandisi and loses puck.
8:27 of 2nd period - Joseph Blandisi is hit by Ryan Hartman and loses puck.
8:56 of 2nd period - Garret Ross is hit by Drake Caggiula and loses puck.
9:33 of 2nd period - Alex Tuch is hit by John Ramage and loses puck.
10:42 of 2nd period - Snap shot by Ryan Hartman.
10:42 of 2nd period - Shot Misses the Net.
10:44 of 2nd period - Slapshot by Gabriel Carlsson.
10:44 of 2nd period - Stopped by Marek Mazanek without a rebound.
10:45 of 2nd period - Ryan Hartman wins face-off versus Drake Caggiula in Eagles zone.
10:56 of 2nd period - Wrist shot by Alex Tuch.
10:56 of 2nd period - Stopped by Marek Mazanek without a rebound.
10:57 of 2nd period - Zach Aston-Reese wins face-off versus Ryan Hartman in Eagles zone.
10:57 of 2nd period - Zach Aston-Reese is hit by Ryan Hartman.
11:11 of 2nd period - Snap shot by Matteson Iacopelli.
11:11 of 2nd period - Shot Blocked by Gabriel Carlsson.
11:13 of 2nd period - Slapshot by Matteson Iacopelli.
11:13 of 2nd period - Stopped by Pavel Francouz with a rebound.
11:19 of 2nd period - Minor Penalty to Borna Rendulic for Holding Stick.
11:20 of 2nd period - Drake Caggiula wins face-off versus Ryan Hartman in Sound Tigers zone.
11:21 of 2nd period - Slapshot by Nick Cousins.
11:21 of 2nd period - Stopped by Pavel Francouz with a rebound.
11:23 of 2nd period - Slapshot by Drake Caggiula.
11:23 of 2nd period - Shot Blocked by Dylan McIlrath.
11:25 of 2nd period - Backhand shot by Jarred Tinordi.
11:25 of 2nd period - Goal by Jarred Tinordi - Eagles : 2 - Sound Tigers : 2.
11:26 of 2nd period - Ryan Hartman wins face-off versus Tomas Tatar in neutral zone.
11:59 of 2nd period - Slapshot by Joseph Blandisi.
11:59 of 2nd period - Shot Blocked by Christian Fischer.
12:01 of 2nd period - Wrist shot by Zach Aston-Reese.
12:01 of 2nd period - Stopped by Pavel Francouz without a rebound.
12:02 of 2nd period - Ryan Hartman wins face-off versus Drake Caggiula in Sound Tigers zone.
12:37 of 2nd period - Snap shot by Slater Koekkoek.
12:37 of 2nd period - Shot Blocked by Jarred Tinordi.
12:55 of 2nd period - Wrist shot by James Sheppard.
12:55 of 2nd period - Stopped by Marek Mazanek with a rebound.
12:57 of 2nd period - Snap shot by Garret Ross.
12:57 of 2nd period - Stopped by Marek Mazanek without a rebound.
12:58 of 2nd period - Ryan Bourque wins face-off versus Nick Cousins in Eagles zone.
12:59 of 2nd period - Wrist shot by Garret Ross.
12:59 of 2nd period - Stopped by Marek Mazanek with a rebound.
13:01 of 2nd period - Slapshot by Garret Ross.
13:01 of 2nd period - Shot Blocked by John Ramage.
13:03 of 2nd period - Snap shot by Connor Murphy.
13:03 of 2nd period - Shot Blocked by Drake Caggiula.
13:05 of 2nd period - Snap shot by James Livingstone.
13:05 of 2nd period - Shot Blocked by Tomas Tatar.
13:07 of 2nd period - Slapshot by Connor Murphy.
13:07 of 2nd period - Shot Misses the Net.
13:09 of 2nd period - Snap shot by Ryan Bourque.
13:09 of 2nd period - Stopped by Marek Mazanek with a rebound.
13:11 of 2nd period - Wrist shot by Ryan Bourque.
13:11 of 2nd period - Shot Misses the Net.
13:13 of 2nd period - Slapshot by Connor Murphy.
13:13 of 2nd period - Shot Misses the Net.
13:15 of 2nd period - Snap shot by Connor Murphy.
13:15 of 2nd period - Deflect By Ryan Bourque.
13:15 of 2nd period - Stopped by Marek Mazanek with a rebound.
13:19 of 2nd period - Snap shot by Garret Ross.
13:19 of 2nd period - Deflect By James Livingstone.
13:19 of 2nd period - Stopped by Marek Mazanek without a rebound.
13:20 of 2nd period - Ryan Hartman wins face-off versus Zach Aston-Reese in Eagles zone.
13:46 of 2nd period - Ryan Murphy is hit by Scott Glennie and loses puck.
13:57 of 2nd period - Gabriel Carlsson is hit by Matteson Iacopelli and loses puck.
14:16 of 2nd period - Snap shot by Matteson Iacopelli.
14:16 of 2nd period - Stopped by Pavel Francouz with a rebound.
14:18 of 2nd period - Wrist shot by Zach Aston-Reese.
14:18 of 2nd period - Goal by Zach Aston-Reese - Eagles : 3 - Sound Tigers : 2.
14:19 of 2nd period - Drake Caggiula wins face-off versus Ryan Hartman in neutral zone.
14:32 of 2nd period - Snap shot by Drake Caggiula.
14:32 of 2nd period - Stopped by Pavel Francouz without a rebound.
14:33 of 2nd period - Tyler Motte wins face-off versus Joe Labate in Sound Tigers zone.
14:46 of 2nd period - Wrist shot by Joe Labate.
14:46 of 2nd period - Deflect By Ryan Murphy.
14:46 of 2nd period - Shot Blocked by Ryan Murphy.
14:46 of 2nd period - Puck is out of play.
14:47 of 2nd period - Drake Caggiula wins face-off versus Ryan Hartman in Eagles zone.
14:47 of 2nd period - Drake Caggiula is hit by Borna Rendulic.
15:00 of 2nd period - Wrist shot by Nick Cousins.
15:00 of 2nd period - Stopped by Pavel Francouz with a rebound.
15:08 of 2nd period - Minor Penalty to Borna Rendulic for Interference.
15:09 of 2nd period - Drake Caggiula wins face-off versus Ryan Hartman in Sound Tigers zone.
15:13 of 2nd period - Minor Penalty to Dylan McIlrath for Roughing.
15:14 of 2nd period - Drake Caggiula wins face-off versus Ryan Hartman in Sound Tigers zone.
16:39 of 2nd period - Jarred Tinordi is hit by Connor Murphy.
17:08 of 2nd period - Penalty to Borna Rendulic is over, Borna Rendulic is back on ice.
17:13 of 2nd period - Penalty to Dylan McIlrath is over, Dylan McIlrath is back on ice.
19:38 of 2nd period - Gabriel Carlsson is hit by Tomas Tatar and loses puck.
Goals for this period are 3 for Eagles vs 1 for Sound Tigers.
Shots for this period are 12 for Eagles vs 20 for Sound Tigers.
3rd period
0:01 of 3rd period - Drake Caggiula wins face-off versus Ryan Hartman in neutral zone.
0:30 of 3rd period - Zach Aston-Reese is hit by Connor Murphy.
0:50 of 3rd period - Ben Thomson is hit by Jared McCann and loses puck.
1:17 of 3rd period - Ryan Murphy is hit by Slater Koekkoek and loses puck.
1:44 of 3rd period - Anthony Duclair is hit by James Sheppard and loses puck.
2:41 of 3rd period - Tyler Motte is hit by Christian Fischer and loses puck.
3:35 of 3rd period - Wrist shot by Garret Ross.
3:35 of 3rd period - Shot Misses the Net.
3:59 of 3rd period - Slapshot by Julian Melchiori.
3:59 of 3rd period - Shot Misses the Net.
4:07 of 3rd period - Wrist shot by Alex Tuch.
4:07 of 3rd period - Shot Misses the Net.
4:09 of 3rd period - Snap shot by Slater Koekkoek.
4:09 of 3rd period - Deflect By Borna Rendulic.
4:09 of 3rd period - Stopped by Marek Mazanek without a rebound.
4:10 of 3rd period - Ryan Hartman wins face-off versus Zach Aston-Reese in Eagles zone.
4:14 of 3rd period - Minor Penalty to Matteson Iacopelli for Hooking.
4:15 of 3rd period - Ryan Hartman wins face-off versus Tomas Tatar in Eagles zone.
6:14 of 3rd period - Penalty to Matteson Iacopelli is over, Matteson Iacopelli is back on ice.
6:37 of 3rd period - Icing by Xavier Ouellet.
6:38 of 3rd period - Ryan Bourque wins face-off versus Drake Caggiula in Eagles zone.
6:41 of 3rd period - Wrist shot by James Livingstone.
6:41 of 3rd period - Stopped by Marek Mazanek with a rebound.
6:43 of 3rd period - Snap shot by Garret Ross.
6:43 of 3rd period - Shot Misses the Net.
6:45 of 3rd period - Snap shot by Garret Ross.
6:45 of 3rd period - Shot Misses the Net.
6:47 of 3rd period - Snap shot by James Livingstone.
6:47 of 3rd period - Shot Misses the Net.
6:49 of 3rd period - Backhand shot by Julian Melchiori.
6:49 of 3rd period - Shot Misses the Net.
6:51 of 3rd period - Slapshot by Slater Koekkoek.
6:51 of 3rd period - Shot Misses the Net.
6:53 of 3rd period - Wrist shot by Garret Ross.
6:53 of 3rd period - Shot Misses the Net.
7:09 of 3rd period - Snap shot by Tomas Tatar.
7:09 of 3rd period - Shot Misses the Net.
7:11 of 3rd period - Snap shot by Nick Cousins.
7:11 of 3rd period - Shot Blocked by Scott Glennie.
7:13 of 3rd period - Slapshot by Tyler Motte.
7:13 of 3rd period - Goal by Tyler Motte - Eagles : 4 - Sound Tigers : 2.
7:13 of 3rd period - Sean Maguire enters game.
7:14 of 3rd period - Ryan Hartman wins face-off versus Tyler Motte in neutral zone.
7:17 of 3rd period - Tyler Motte is hit by Ryan Hartman and loses puck.
7:40 of 3rd period - Zach Aston-Reese is hit by Joe Labate.
9:00 of 3rd period - Nick Cousins is hit by James Sheppard.
11:02 of 3rd period - Jonathan Racine is hit by James Sheppard and loses puck.
11:13 of 3rd period - Alexander Yelesin is hit by Tomas Tatar and loses puck.
11:38 of 3rd period - Icing by Gabriel Carlsson.
11:39 of 3rd period - Ryan Hartman wins face-off versus Zach Aston-Reese in Sound Tigers zone.
12:15 of 3rd period - Wrist shot by Ryan Hartman.
12:15 of 3rd period - Shot Blocked by Jared McCann.
12:17 of 3rd period - Snap shot by Ryan Hartman.
12:17 of 3rd period - Stopped by Marek Mazanek without a rebound.
12:18 of 3rd period - Alex Tuch wins face-off versus Jared McCann in Eagles zone.
12:36 of 3rd period - Minor Penalty to Dylan McIlrath for Roughing.
12:37 of 3rd period - Drake Caggiula wins face-off versus Ryan Hartman in Sound Tigers zone.
12:44 of 3rd period - Snap shot by Nick Cousins.
12:44 of 3rd period - Shot Misses the Net.
12:46 of 3rd period - Snap shot by Drake Caggiula.
12:46 of 3rd period - Deflect By Tomas Tatar.
12:46 of 3rd period - Stopped by Sean Maguire without a rebound.
12:47 of 3rd period - Tomas Tatar wins face-off versus Ryan Hartman in Sound Tigers zone.
13:12 of 3rd period - Snap shot by Nick Cousins.
13:12 of 3rd period - Shot Blocked by Connor Murphy.
13:14 of 3rd period - Snap shot by Ryan Murphy.
13:14 of 3rd period - Deflect By Drake Caggiula.
13:14 of 3rd period - Goal by Drake Caggiula - Eagles : 5 - Sound Tigers : 2.
13:15 of 3rd period - Ryan Hartman wins face-off versus Drake Caggiula in neutral zone.
13:40 of 3rd period - James Sheppard is hit by Zach Aston-Reese and loses puck.
13:49 of 3rd period - Wrist shot by Joseph Blandisi.
13:49 of 3rd period - Stopped by Sean Maguire without a rebound.
13:50 of 3rd period - Matteson Iacopelli wins face-off versus Ryan Hartman in Sound Tigers zone.
13:56 of 3rd period - Minor Penalty to Borna Rendulic for Roughing.
13:57 of 3rd period - Drake Caggiula wins face-off versus Ryan Hartman in Sound Tigers zone.
14:29 of 3rd period - Snap shot by Joseph Blandisi.
14:29 of 3rd period - Shot Misses the Net.
15:56 of 3rd period - Penalty to Borna Rendulic is over, Borna Rendulic is back on ice.
17:15 of 3rd period - Icing by Ryan Hartman.
17:16 of 3rd period - Joe Labate wins face-off versus Jared McCann in Sound Tigers zone.
17:44 of 3rd period - Off-side.
17:45 of 3rd period - Ryan Bourque wins face-off versus Zach Aston-Reese in neutral zone.
18:01 of 3rd period - Minor Penalty to Dylan McIlrath for Roughing.
18:02 of 3rd period - Ryan Hartman wins face-off versus Drake Caggiula in Sound Tigers zone.
18:28 of 3rd period - Alexander Yelesin is hit by Ryan Murphy and loses puck.
18:33 of 3rd period - Wrist shot by Joseph Blandisi.
18:33 of 3rd period - Goal by Joseph Blandisi - Eagles : 6 - Sound Tigers : 2.
18:34 of 3rd period - Ryan Hartman wins face-off versus Drake Caggiula in neutral zone.
18:39 of 3rd period - Nick Cousins is hit by Connor Murphy.
18:49 of 3rd period - Backhand shot by Borna Rendulic.
18:49 of 3rd period - Stopped by Marek Mazanek with a rebound.
19:01 of 3rd period - Snap shot by James Sheppard.
19:01 of 3rd period - Shot Blocked by Matteson Iacopelli.
19:09 of 3rd period - Wrist shot by Zach Aston-Reese.
19:09 of 3rd period - Shot Misses the Net.
19:21 of 3rd period - Slapshot by Connor Carrick.
19:21 of 3rd period - Stopped by Sean Maguire with a rebound.
19:23 of 3rd period - Slapshot by Connor Carrick.
19:23 of 3rd period - Stopped by Sean Maguire with a rebound.
19:25 of 3rd period - Snap shot by Anthony Duclair.
19:25 of 3rd period - Shot Blocked by Julian Melchiori.
19:35 of 3rd period - Double Minor Penalty to Garret Ross for Roughing.
19:36 of 3rd period - Drake Caggiula wins face-off versus Ryan Hartman in Sound Tigers zone.
19:37 of 3rd period - Slapshot by Nick Cousins.
19:37 of 3rd period - Stopped by Sean Maguire with a rebound.
19:39 of 3rd period - Wrist shot by Drake Caggiula.
19:39 of 3rd period - Shot Misses the Net.
19:41 of 3rd period - Wrist shot by Ryan Murphy.
19:41 of 3rd period - Stopped by Sean Maguire with a rebound.
19:43 of 3rd period - Snap shot by Ryan Murphy.
19:43 of 3rd period - Shot Misses the Net.
19:45 of 3rd period - Wrist shot by Ryan Murphy.
19:45 of 3rd period - Goal by Ryan Murphy - Eagles : 7 - Sound Tigers : 2.
19:46 of 3rd period - Ryan Hartman wins face-off versus Tomas Tatar in neutral zone.
19:49 of 3rd period - Slapshot by Connor Murphy.
19:49 of 3rd period - Shot Misses the Net.
19:59 of 3rd period - Alex Tuch is hit by Tomas Tatar.
Goals for this period are 4 for Eagles vs 0 for Sound Tigers.
Shots for this period are 10 for Eagles vs 4 for Sound Tigers.